 Dungeon Crawl Stone Soup version 0.23-a0-550-g7de1f8ee9f (webtiles) character file.

30446 Artagas the Impaler (level 13, -11/101 HPs)
             Began as a Merfolk Ice Elementalist on Dec 7, 2018.
             Was a High Priest of Zin.
             Mangled by an eight-headed hydra (14 damage)
             ... on level 6 of the Lair of Beasts on Dec 9, 2018.
             The game lasted 01:40:46 (23385 turns).

Artagas the Impaler (Merfolk Ice Elementalist)     Turns: 23385, Time: 01:40:47

Health: -11/101    AC:  9    Str: 14    XL:     13   Next: 51%
Magic:  10/32      EV: 20    Int: 14    God:    Zin [*****.]
Gold:   383        SH:  0    Dex: 14    Spells: 12/26 levels left

rFire    . . .     SeeInvis +   G - +0 halberd
rCold    . . .     Gourm    .   (shield currently unavailable)
rNeg     . . .     Faith    .   f - +2 robe {Archmagi}
rPois    .         Spirit   .   y - +0 helmet
rElec    .         Reflect  .   o - +0 cloak
rCorr    .         Harm     .   C - +1 pair of gloves
MR       .....                  I - +0 pair of boots
Stlth    ++........             g - amulet of regeneration
HPRegen  0.66/turn              x - ring of magical power
MPRegen  0.23/turn              i - ring of see invisible

@: no status effects
A: change form in water, swift swim, stealthy swim
a: Recite, Vitalisation, Imprison, Sanctuary, Donate Gold, Renounce Religion


You were on level 6 of the Lair of Beasts.
You worshipped Zin.
Zin was extremely pleased with you.
You were hungry.

You visited 3 branches of the dungeon, and saw 18 of its levels.
You also visited: Ossuary.

You collected 626 gold pieces.
You spent 181 gold pieces at shops.
You donated 62 gold pieces to Zin.

Inventory:

Hand Weapons
 a - a +1 spear
   (You found it on level 6 of the Dungeon)
 c - a +0 long sword
   (You found it on level 4 of the Dungeon)
 G - a +0 halberd (weapon)
   (You took it off a wight on level 9 of the Dungeon)
 H - a +0 trident
   (You found it on level 8 of the Dungeon)
Missiles
 n - 8 javelins (quivered)
Armour
 f - a +2 robe of the Archmagi (worn)
   (You found it on level 1 of the Dungeon)
 o - a +0 cloak (worn)
   (You found it on level 2 of the Dungeon)
 u - a +0 buckler
   (You found it on level 7 of the Dungeon)
 y - a +0 helmet (worn)
   (You found it on level 8 of the Dungeon)
 C - a +1 pair of gloves (worn)
   (You bought it in a shop on level 9 of the Dungeon)
 I - a +0 pair of boots (worn)
   (You found it on level 9 of the Dungeon)
Jewellery
 g - an amulet of regeneration (around neck)
   (You found it on level 1 of the Dungeon)
 i - a ring of see invisible (right hand)
   (You found it on level 9 of the Dungeon)
 x - a ring of magical power (left hand)
   (You found it on level 7 of the Dungeon)
 M - a +5 amulet of reflection
   (You found it on level 11 of the Dungeon)
Wands
 j - a wand of paralysis (9)
   (You found it on level 4 of the Dungeon)
 p - a wand of disintegration (3)
   (You took it off an orc warrior on level 6 of the Dungeon)
 F - a wand of iceblast (6)
   (You found it on level 9 of the Dungeon)
Scrolls
 b - a scroll of fear {unknown}
 l - 2 scrolls of enchant weapon
 m - 6 scrolls of remove curse
 r - 3 scrolls of identify
 t - a scroll of teleportation
 A - a scroll of summoning {unknown}
 D - a scroll of fog
 E - 5 scrolls of enchant armour {unknown}
 J - 2 scrolls of blinking {unknown}
 L - a scroll of immolation {unknown}
 O - 2 scrolls of random uselessness {unknown}
 P - a scroll of amnesia {unknown}
 R - a scroll of noise {unknown}
 S - a scroll of brand weapon {unknown}
Potions
 d - 3 potions of might
 h - 3 potions of haste
 k - 6 potions of flight
 q - 7 potions of curing
 s - 2 potions of agility
 v - 4 potions of brilliance
 w - a potion of heal wounds
 z - a potion of cancellation {unknown}
 B - a potion of degeneration {unknown}
 K - a potion of resistance {unknown}
 N - a potion of ambrosia {unknown}
Comestibles
 e - 9 rations
 Q - 5 chunks of flesh


   Skills:
 + Level 9.3 Fighting
 - Level 16.0 Polearms
 + Level 11.7 Dodging
 - Level 2.1 Stealth
 - Level 4.2 Shields
 - Level 7.0 Spellcasting
 - Level 3.0 Conjurations
 - Level 2.2 Charms
 - Level 5.4 Summonings
 - Level 8.1 Ice Magic
 - Level 6.0 Invocations
 - Level 5.0 Evocations


You had 12 spell levels left.
You knew the following spells:

 Your Spells              Type           Power        Failure   Level  Hunger
a - Freeze                Ice            ####         1%          1    None
b - Throw Frost           Conj/Ice       ####..       2%          2    #......
c - Ozocubu's Armour      Chrm/Ice       ####....     4%          3    ##.....
d - Summon Ice Beast      Ice/Summ       #####...     9%          4    ####...
e - Throw Icicle          Conj/Ice       ####....     14%         4    ####...

Your spell library contained the following spells:

 Spells                   Type           Power        Failure   Level  Hunger
 Beastly Appendage        Tmut           #.....       14%         1    None
 Sticks to Snakes         Tmut           #.......     22%         2    #......
 Ice Form                 Ice/Tmut       ###.....     26%         4    ####...
 Spider Form              Tmut/Pois      #.........   38%         3    ##.....
 Blade Hands              Tmut           #.........   98%         5    ######.


Dungeon Overview and Level Annotations

Branches:
Dungeon (11/15)            Temple (1/1) D:4            Lair (6/6) D:11
 Shoals (0/4) Lair:4       Spider (0/4) Lair:2          Orc (0/2) D:11
  Slime: Lair:5-6

Altars:
Ashenzari
Cheibriados
Dithmenos
Elyvilon
Fedhas
Gozag
Hepliaklqana
Kikubaaqudgha
Makhleb
Nemelex Xobeh
Okawaru
Qazlal
Ru
Sif Muna
Trog
Uskayaw
Vehumet
Wu Jian
Xom
Yredelemnul
Zin
The Shining One

Shops:
D:4 (   D:8 =   D:9 [[*[

Annotations:
D:2 Sigmund, Terence
D:4 exclusion: statue
Lair:2 exclusion: obsidian statue
Lair:4 exclusion: 4 oklob plants


Message History

Press: ? - help, Dir - move target cursor, f/p - six-headed hydra
Aim: a six-headed hydra (heavily wounded)
You could not reach far enough!
Your ice beast closely misses the six-headed hydra.
The six-headed hydra bites your ice beast.
The six-headed hydra bites your ice beast!
Your ice beast dies!
Casting: Throw Icicle (safe; 14% risk of failure)
Confirm with . or Enter, or press ? or * to list all spells.
Aiming: Throw Icicle (safe; 14% risk of failure)
Press: ? - help, Shift-Dir - straight line, f/p - six-headed hydra
Aim: a six-headed hydra (heavily wounded)
You feel a surge of power!
The shard of ice hits the six-headed hydra.
The six-headed hydra is severely wounded.
Casting: Throw Icicle (safe; 14% risk of failure)
Confirm with . or Enter, or press ? or * to list all spells.
Aiming: Throw Icicle (safe; 14% risk of failure)
Press: ? - help, Shift-Dir - straight line, f/p - six-headed hydra
Aim: a six-headed hydra (severely wounded)
You feel a surge of power!
The shard of ice hits the six-headed hydra.
The six-headed hydra is almost dead.
The six-headed hydra bites you but does no damage.
The six-headed hydra bites you! x2
The six-headed hydra completely misses you.
The six-headed hydra bites you but does no damage. x2
Casting: Throw Icicle (safe; 14% risk of failure)
Confirm with . or Enter, or press ? or * to list all spells.
Aiming: Freeze (safe; 1% risk of failure)
Press: ? - help, Shift-Dir - straight line, f/p - six-headed hydra
Aim: a six-headed hydra (almost dead)
You feel a surge of power!
You freeze the six-headed hydra.
The six-headed hydra is almost dead.
The six-headed hydra bites you.
The six-headed hydra closely misses you.
The six-headed hydra misses you. x3; The six-headed hydra bites you.
Casting: Freeze (safe; 1% risk of failure)
Confirm with . or Enter, or press ? or * to list all spells.
Aiming: Freeze (safe; 1% risk of failure)
Press: ? - help, Shift-Dir - straight line, f/p - six-headed hydra
Aim: a six-headed hydra (almost dead)
You feel a surge of power!
You freeze the six-headed hydra.
The six-headed hydra is almost dead.
The six-headed hydra bites you but does no damage. x4
The six-headed hydra bites you. The six-headed hydra barely misses you.
You slice one of the six-headed hydra's heads off!
The five-headed hydra grows two more!
You puncture the seven-headed hydra!
The seven-headed hydra is almost dead.
You hack one of the seven-headed hydra's heads off!
The six-headed hydra grows two more!
You hit the eight-headed hydra.
The eight-headed hydra is severely wounded.
The eight-headed hydra barely misses you.
The eight-headed hydra bites you!
The eight-headed hydra barely misses you.
The eight-headed hydra bites you but does no damage.
The eight-headed hydra bites you.
The eight-headed hydra completely misses you.
The eight-headed hydra closely misses you.
The eight-headed hydra bites you but does no damage.
Casting: Freeze (safe; 1% risk of failure)
Confirm with . or Enter, or press ? or * to list all spells.
You feel a surge of power! A chill wind blows around you.
You are feeling hungry.
The eight-headed hydra bites you. x4
The eight-headed hydra closely misses you.
The eight-headed hydra bites you!
The eight-headed hydra barely misses you.
The eight-headed hydra closely misses you.
Casting: Summon Ice Beast (safe; 9% risk of failure)
Confirm with . or Enter, or press ? or * to list all spells.
Okay, then.
Press: ? - help, Dir - move target cursor, f/p - eight-headed hydra
Aim: an eight-headed hydra (severely wounded)
You need more space to imprison the eight-headed hydra.
Casting: Summon Ice Beast (safe; 9% risk of failure)
Confirm with . or Enter, or press ? or * to list all spells.
Okay, then.
Your icy armour cracks and falls away as you move.
The eight-headed hydra closely misses you.
The eight-headed hydra bites you.
The eight-headed hydra bites you but does no damage. x2
The eight-headed hydra misses you. The eight-headed hydra bites you.
* * * LOW HITPOINT WARNING * * *
The eight-headed hydra misses you. x2
Evoke which item? (* to show all) (? for menu, Esc to quit)
Aiming: Disintegrate
Press: ? - help, Shift-Dir - straight line, f/p - eight-headed hydra
Aim: an eight-headed hydra (severely wounded, chance to defeat MR: 51%)
The eight-headed hydra resists with significant effort.
The eight-headed hydra bites you.
* * * LOW HITPOINT WARNING * * *
The eight-headed hydra barely misses you.
The eight-headed hydra bites you!
* * * LOW HITPOINT WARNING * * *
The eight-headed hydra closely misses you. x2
The eight-headed hydra bites you!
* * * LOW HITPOINT WARNING * * *
The eight-headed hydra bites you!
You die...

.#.$.......#
............
##...........
#............
##......?...#
#...........#
#..YD#.P.#
#.@..#
##...##
#..### #..#
###.###
#.#...#
#....##
##..†..#
#.....P#


You could see an eight-headed hydra and a friendly ice beast.

Vanquished Creatures
  Gastronok (D:10)
  2 two-headed ogres (D:8)
  An ugly thing (D:9)
  An oklob plant (D:11)
  9 elephants
  3 black mambas
  A kobold demonologist (D:11)
  6 spiny frogs
  3 komodo dragons
  A polar bear (Lair:6)
  7 blink frogs
  4 hippogriffs
  A spriggan (D:8)
  4 wyverns
  A tarantella (Lair:2)
  14 yaks
  A basilisk (Lair:1)
  5 water moccasins
  8 porcupines
  3 sky beasts
  3 orc warriors
  3 black bears
  4 ogres
  4 centaurs
  2 phantoms
  4 crocodiles
  2 big kobolds
  8 bullfrogs
  A water moccasin zombie (Ossuary)
  A wyvern skeleton (D:11)
  3 scorpions
  4 killer bees (D:9)
  3 howler monkeys
  6 wights (D:9)
  An electric eel (Lair:2)
  A crimson imp (D:5)
  A bullfrog zombie (D:6)
  5 hounds
  A centaur zombie (D:10)
  2 bullfrog skeletons
  2 centaur skeletons
  2 jellies
  4 orc priests
  12 orc wizards
  An iguana (D:4)
  4 worker ants
  A big kobold zombie (Ossuary)
  A hound skeleton (D:4)
  A worker ant zombie (D:10)
  4 gnolls (D:9)
  5 adders
  A shadow imp (D:8)
  An ooze (D:1)
  2 adder skeletons
  2 adder zombies
  3 worms
  4 dart slugs
  8 leopard geckos
  38 orcs
  A ball python (D:8)
  7 giant cockroaches
  3 gnoll zombies (Ossuary)
  4 goblins
  7 hobgoblins
  16 jackals
  6 quokkas
  4 bats
  6 frilled lizards
  12 kobolds
  2 kobold zombies (Ossuary)
  4 orc zombies (Ossuary)
  7 rats
310 creatures vanquished.

Vanquished Creatures (collateral kills)
  4 hydras
  A two-headed ogre (D:9)
  A catoblepas (Lair:3)
  A manticore (D:11)
  3 black mambas
  6 elephants
  5 spiny frogs
  A gargoyle (D:11)
  2 komodo dragons
  2 kobold demonologists (D:11)
  2 rime drakes
  A troll (D:11)
  2 blink frogs (Lair:4)
  5 hippogriffs
  A wraith (D:10)
  A wyvern (Lair:4)
  6 yaks
  2 basilisks
  2 hungry ghosts
  2 water moccasins
  A porcupine (Lair:1)
  2 orc warriors (D:11)
  A sky beast (D:10)
  An eye of draining (D:8)
  An ice beast (D:7)
  5 crocodiles
  A big kobold (D:11)
  4 bullfrogs
  A water moccasin zombie (Ossuary)
  2 wights (D:9)
  An electric eel (Lair:2)
  A crimson imp (D:8)
  A jelly (D:10)
  2 orc wizards (D:8)
  A big kobold zombie (Ossuary)
  2 mummies (Ossuary)
  3 gnolls (D:8)
  3 adder zombies (Ossuary)
  8 orcs
  7 hobgoblin zombies (Ossuary)
  2 kobolds (D:11)
  5 kobold zombies (Ossuary)
  A fungus (Lair:5)
106 creatures vanquished.

Vanquished Creatures (others)
  24 fungi
  28 plants
52 creatures vanquished.

Grand Total: 468 creatures vanquished

Notes
Turn   | Place    | Note
-------+----------+-------------------------------------------
     0 | D:1      | Artagas the Merfolk Ice Elementalist began the quest for
                  | the Orb.
     0 | D:1      | Reached XP level 1. HP: 13/13 MP: 3/3
   417 | D:1      | Reached XP level 2. HP: 6/19 MP: 0/5
   672 | D:2      | Noticed Terence
   707 | D:2      | Learned a level 2 spell: Throw Frost
   787 | D:2      | Reached skill level 4 in Ice Magic
  1342 | D:1      | Reached XP level 3. HP: 16/24 MP: 2/6
  1856 | D:1      | Learned a level 3 spell: Ozocubu's Armour
  2263 | D:1      | Reached skill level 3 in Dodging
  2362 | D:2      | Reached skill level 5 in Ice Magic
  2362 | D:2      | Reached XP level 4. HP: 22/30 MP: 0/7
  2614 | D:2      | Noticed Sigmund
  3732 | D:3      | You fall through a shaft for 3 floors!
  3956 | D:6      | Noticed an orc warrior
  3989 | D:6      | Found a bloodstained altar of Trog.
  3989 | D:6      | Found an opulent altar of Gozag.
  4032 | D:6      | HP: 3/30 [orc priest/divine providence (11)]
  4034 | D:5      | Entered Level 5 of the Dungeon
  4076 | D:5      | Reached XP level 5. HP: 23/35 MP: 6/8
  4107 | D:4      | Reached skill level 4 in Dodging
  4150 | D:4      | Found a radiant altar of Vehumet.
  4150 | D:4      | Noticed a charred statue
  4171 | D:4      | Found Jeehyuwn's Weapon Shop.
  4278 | D:4      | Found a shattered altar of Ashenzari.
  4315 | D:4      | Found a staircase to the Ecumenical Temple.
  4326 | D:4      | Noticed a phantom
  4330 | Temple   | Entered the Ecumenical Temple
  4339 | Temple   | Became a worshipper of Zin the Law-Giver
  4416 | Temple   | Killed a phantom
  4416 | Temple   | Reached XP level 6. HP: 41/41 MP: 0/10
  4506 | D:4      | Reached skill level 3 in Spellcasting
  4510 | D:4      | Reached skill level 5 in Dodging
  4510 | D:4      | Reached skill level 6 in Ice Magic
  4516 | D:4      | Learned a level 4 spell: Summon Ice Beast
  4576 | D:4      | Found a bloodstained altar of Trog.
  5058 | D:3      | Reached skill level 1 in Fighting
  5539 | D:4      | Reached skill level 1 in Summonings
  5539 | D:4      | Reached XP level 7. HP: 45/48 MP: 2/11
  5723 | D:4      | Found an iron altar of Okawaru.
  5875 | D:4      | Found a sparkling altar of Nemelex Xobeh.
  5877 | D:4      | Found a shadowy altar of Dithmenos.
  6548 | D:5      | Reached skill level 2 in Fighting
  6548 | D:5      | Reached skill level 6 in Dodging
  6625 | D:5      | Reached skill level 2 in Summonings
  6951 | D:5      | Upgraded the game from 0.23-a0-537-g04293e54a7 to
                  | 0.23-a0-550-g7de1f8ee9f
  6951 | D:5      | that was one Amazing early game
  7028 | D:5      | Reached skill level 7 in Ice Magic
  7028 | D:5      | Reached XP level 8. HP: 53/57 MP: 7/12
  7383 | D:5      | Reached skill level 3 in Fighting
  7383 | D:5      | Reached skill level 1 in Charms
  7581 | D:6      | Reached skill level 3 in Summonings
  7712 | D:6      | Noticed a +0 dagger
  7713 | D:6      | Noticed a +0 hand axe
  7714 | D:6      | Found a hide-covered altar of Uskayaw.
  7909 | D:6      | Reached skill level 7 in Dodging
  8284 | D:6      | Reached skill level 2 in Charms
  8615 | D:6      | Found a stormy altar of Qazlal.
  8814 | D:7      | Reached * piety under Zin
  8959 | D:7      | Found a blossoming altar of Fedhas.
  8990 | D:7      | Reached skill level 4 in Summonings
  9150 | D:7      | Reached skill level 1 in Polearms
  9150 | D:7      | Reached skill level 4 in Spellcasting
  9255 | D:7      | Noticed a hippogriff
  9279 | D:7      | Reached skill level 2 in Polearms
  9295 | D:7      | Killed a hippogriff
  9295 | D:7      | Reached skill level 3 in Polearms
  9295 | D:7      | Reached skill level 8 in Dodging
  9295 | D:7      | Reached XP level 9. HP: 39/63 MP: 5/15
  9487 | D:7      | Learned a level 4 spell: Throw Icicle
  9512 | D:8      | Reached skill level 1 in Conjurations
  9568 | D:8      | Found a shimmering altar of Xom.
  9706 | D:8      | Found a sand-covered staircase.
  9715 | Ossuary  | Entered an ossuary
  9860 | Ossuary  | Reached ** piety under Zin
 10069 | D:8      | Reached skill level 4 in Polearms
 10274 | D:8      | Noticed a two-headed ogre
 10300 | D:8      | Killed a two-headed ogre
 10300 | D:8      | Reached skill level 5 in Polearms
 10300 | D:8      | Reached skill level 5 in Spellcasting
 10300 | D:8      | Reached skill level 2 in Conjurations
 10384 | D:8      | Noticed a two-headed ogre
 10395 | D:8      | Killed a two-headed ogre
 10395 | D:8      | Reached skill level 6 in Polearms
 10395 | D:8      | Reached skill level 3 in Conjurations
 10395 | D:8      | Reached skill level 5 in Summonings
 10395 | D:8      | Reached skill level 8 in Ice Magic
 10395 | D:8      | Reached XP level 10. HP: 70/70 MP: 17/17
 10700 | D:8      | Reached skill level 1 in Shields
 10737 | D:8      | Found Vudwiur's Jewellery Emporium.
 10774 | D:8      | Reached skill level 2 in Shields
 10781 | D:8      | foood. we are saved
 10958 | D:9      | Reached skill level 3 in Shields
 11026 | D:9      | Found Xoiwk's Armour Boutique.
 11069 | D:9      | Found Evafudd's Armour Shop.
 11077 | D:9      | Bought a +1 pair of gloves for 149 gold pieces
 11086 | D:9      | Found Iketh's General Store.
 11114 | D:9      | Bought a scroll of fog for 32 gold pieces
 11210 | D:9      | Found Onnaj's Antique Armour Shoppe.
 11239 | D:9      | Reached *** piety under Zin
 11298 | D:9      | Noticed a cyan ugly thing
 11312 | D:9      | Killed a cyan ugly thing
 11312 | D:9      | Reached skill level 4 in Shields
 11647 | D:9      | Reached skill level 4 in Fighting
 11647 | D:9      | Reached skill level 7 in Polearms
 11815 | D:9      | Reached skill level 9 in Dodging
 11842 | D:9      | Noticed a two-headed ogre
 11851 | D:9      | Killed a two-headed ogre
 12258 | D:9      | Reached skill level 8 in Polearms
 12408 | D:10     | Entered Level 10 of the Dungeon
 12426 | D:10     | Reached skill level 5 in Fighting
 12730 | D:10     | Reached **** piety under Zin
 13073 | D:10     | Reached XP level 11. HP: 80/80 MP: 19/19
 13092 | D:10     | Reached skill level 10 in Dodging
 13248 | D:10     | Noticed Gastronok
 13256 | D:10     | Reached skill level 9 in Polearms
 13263 | D:10     | Reached skill level 6 in Spellcasting
 13271 | D:10     | Killed Gastronok
 13271 | D:10     | Reached skill level 6 in Fighting
 13524 | D:11     | Noticed a manticore
 13534 | D:11     | Killed a manticore
 13565 | D:11     | Found a staircase to the Orcish Mines.
 13854 | D:11     | Reached skill level 11 in Dodging
 14073 | D:11     | Reached skill level 7 in Spellcasting
 14073 | D:11     | Reached skill level 1 in Invocations
 14085 | D:11     | Reached skill level 1 in Evocations
 14124 | D:11     | Reached skill level 2 in Invocations
 14231 | D:11     | Reached skill level 2 in Evocations
 14280 | D:11     | Noticed an oklob plant
 14282 | D:11     | Found a staircase to the Lair.
 14499 | D:11     | Killed an oklob plant
 14499 | D:11     | Reached skill level 3 in Invocations
 14621 | Lair:1   | Entered Level 1 of the Lair of Beasts
 14621 | Lair:1   | Noticed a four-headed hydra
 14633 | Lair:1   | Reached skill level 3 in Evocations
 14638 | Lair:1   | Killed a four-headed hydra
 14765 | Lair:1   | Reached skill level 4 in Invocations
 14923 | Lair:1   | Reached skill level 4 in Evocations
 15544 | Lair:1   | Reached XP level 12. HP: 41/89 MP: 20/22
 16038 | Lair:2   | Found a hole to the Spider Nest.
 16056 | Lair:2   | Reached skill level 5 in Invocations
 16276 | Lair:2   | Reached ***** piety under Zin
 16291 | Lair:2   | Reached skill level 7 in Fighting
 16542 | Lair:2   | Found a glowing silver altar of Zin.
 16692 | Lair:2   | Noticed a soul eater
 16840 | Lair:2   | Reached skill level 10 in Polearms
 17162 | Lair:3   | Reached skill level 5 in Evocations
 17181 | Lair:3   | HP: 9/91 [spiny frog (5)]
 17747 | Lair:3   | Reached skill level 6 in Invocations
 17956 | Lair:3   | Reached skill level 8 in Fighting
 18014 | Lair:2   | HP: 12/92 [elephant (17)]
 18043 | Lair:2   | Reached skill level 11 in Polearms
 18522 | Lair:3   | Noticed a catoblepas
 18531 | Lair:3   | Killed a catoblepas
 19002 | Lair:3   | Reached skill level 9 in Fighting
 19526 | Lair:4   | Reached skill level 12 in Polearms
 19921 | Lair:4   | Found a staircase to the Shoals.
 20001 | Lair:4   | Noticed a five-headed hydra
 20009 | Lair:4   | Killed a five-headed hydra
 20009 | Lair:4   | Reached skill level 13 in Polearms
 20632 | Lair:3   | Reached XP level 13. HP: 36/101 MP: 4/23
 21284 | Lair:5   | Reached skill level 14 in Polearms
 21437 | Lair:5   | HP: 7/101 [blink frog (11)]
 21834 | Lair:5   | Reached skill level 15 in Polearms
 22598 | Lair:6   | Entered Level 6 of the Lair of Beasts
 23290 | Lair:6   | Reached skill level 16 in Polearms
 23385 | Lair:6   | HP: 14/101 [eight-headed hydra (10)]
 23385 | Lair:6   | HP: 3/101 [eight-headed hydra (11)]
 23385 | Lair:6   | Mangled by an eight-headed hydra

Vault maps used:
D:1:      wander_arrival_lonely_grave
D:2:      serial_corexii_hall, corexii_hall_statues_i, corexii_hall_statues_x,
          uniq_terence, uniq_sigmund
D:4:      vehumet_statue, nicolae_ashenzari_panopticon,
          grunt_temple_overflow_open, minmay_temple_entry_waves, serial_shops,
          shop_statue, minmay_misc_feat_ornament, trog_three_pillars_becter
D:5:      first_ration
D:6:      cheibrodos_helix_gallery, gammafunk_temple_overflow_elements,
          nicolae_qazlal_eye_of_the_storm, dancing_weapons_uskayaw
D:7:      nicolae_overflow_crystal_walls
D:8:      serial_shops, kennysheep_mini, basic_altar, serial_rivers,
          chequers_serial_rivers_micro_a, chequers_serial_rivers_micro_b,
          chequers_serial_rivers_micro_e, chequers_serial_rivers_micro_c,
          nicolae_ossuary_entry_ruins, the_bakery
D:9:      serial_shops, shop, shop_statue, shop, shop
D:10:     uniq_gastronok
D:11:     dpeg_oklobed_lair, david_orc_2
Temple:   nicolae_temple_no_exploring_needed
Lair:2:   statuecave_lemuel, spider_nest_entry_rubble, basic_altar
Lair:4:   elwin_shoals_entry_rocks, minmay_holes, grunt_megastairs_5,
          minmay_lair_oklob_chamber
Lair:5:   serial_bayou_shore_a
Lair:6:   gammafunk_lair_ancient_temple, slime_altar_1
Ossuary:  ossuary_tomb_2

Skill      XL: |  1  2  3  4  5  6  7  8  9 10 11 12 13 |
---------------+----------------------------------------+-----
Ice Magic      | 4 5 6 7 8 |  8.1
Dodging        | 3 4 5 6 8 9 11 | 11.7
Spellcasting   | 3 4 5 7 |  7.0
Fighting       | 1 2 3 5 6 9 |  9.3
Summonings     | 1 2 4 5 |  5.4
Charms         | 2 |  2.2
Polearms       | 3 6 8 9 13 16 | 16.0
Conjurations   | 3 |  3.0
Shields        | 4 |  4.2
Invocations    | 4 6 |  6.0
Evocations     | 4 5 |  5.0
Stealth        | |  2.1

Action                   |  1- 3 |  4- 6 |  7- 9 | 10-12 | 13-15 || total
-------------------------+-------+-------+-------+-------+-------++-------
Melee: Whip              |    19 |    19 |       |       |       ||    38
       Dagger            |       |    84 |       |       |       ||    84
       Spear             |       |    94 |   412 |       |       ||   506
       Tailslap          |       |     1 |       |     2 |       ||     3
       Trident           |       |       |       |   445 |       ||   445
       Halberd           |       |       |       |   502 |   208 ||   710
 Cast: Freeze            |    55 |    49 |   105 |   162 |    36 ||   407
       Throw Frost       |    11 |    14 |    18 |    10 |     3 ||    56
       Ozocubu's Armour  |     1 |     7 |    16 |    54 |    14 ||    92
       Summon Ice Beast  |       |       |    16 |   108 |    41 ||   165
       Throw Icicle      |       |       |       |    27 |    11 ||    38
Invok: Recite            |       |       |       |     1 |       ||     1
Evoke: Wand              |       |       |    11 |    11 |     2 ||    24
  Use: Scroll            |       |     2 |     6 |     8 |       ||    16
       Potion            |       |     1 |       |     5 |     2 ||     8
 Stab: Sleeping          |     1 |     2 |     3 |     6 |     1 ||    13
       Distracted        |       |       |     1 |    13 |     2 ||    16
  Eat: Chunk             |     6 |     9 |     8 |    38 |    13 ||    74
       Ration            |       |     1 |     4 |     7 |     2 ||    14
Armor: Robe              |    19 |    51 |   105 |   303 |    62 ||   540
Dodge: Dodged            |    61 |   160 |   361 |   931 |   179 ||  1692
Block: Buckler           |       |       |       |    63 |       ||    63

Table legend:
 A = Non-vault XP
 B = Vault XP
 C = Vault XP percentage of total XP
 D = Non-vault monster count
 E = Vault monster count
 F = Vault count percentage of total count
                 A         B        C        D         E       F
            +---------+---------+-------+---------+---------+-------
      Total |   37813 |    5682 |  13.1 |     358 |      57 |  13.7
            +---------+---------+-------+---------+---------+-------
        D:1 |      51 |       0 |   0.0 |      25 |       0 |   0.0
        D:2 |      60 |       0 |   0.0 |      20 |       0 |   0.0
        D:3 |      16 |       0 |   0.0 |      11 |       0 |   0.0
        D:4 |     472 |       0 |   0.0 |      18 |       0 |   0.0
        D:5 |     604 |       0 |   0.0 |      21 |       0 |   0.0
        D:6 |     633 |      46 |   6.8 |      19 |       1 |   5.0
        D:7 |     434 |       0 |   0.0 |       8 |       0 |   0.0
        D:8 |    2370 |     224 |   8.6 |      37 |       1 |   2.6
        D:9 |    2899 |       0 |   0.0 |      40 |       0 |   0.0
       D:10 |    2101 |    1354 |  39.2 |      24 |       1 |   4.0
       D:11 |    3082 |     852 |  21.7 |      32 |       8 |  20.0
     Temple |     112 |       0 |   0.0 |       1 |       0 |   0.0
     Lair:1 |    2949 |       0 |   0.0 |      13 |       0 |   0.0
     Lair:2 |    4790 |     115 |   2.3 |      23 |       1 |   4.2
     Lair:3 |    5480 |       0 |   0.0 |      20 |       0 |   0.0
     Lair:4 |    4007 |     868 |  17.8 |      16 |       7 |  30.4
     Lair:5 |    5225 |       0 |   0.0 |      20 |       0 |   0.0
     Lair:6 |    2528 |    1997 |  44.1 |      10 |       7 |  41.2
    Ossuary |       0 |     226 | 100.0 |       0 |      31 | 100.0
            +---------+---------+-------+---------+---------+-------

Vault maps used:
D:1:      wander_arrival_lonely_grave
D:2:      serial_corexii_hall, corexii_hall_statues_i, corexii_hall_statues_x,
          uniq_terence, uniq_sigmund
D:4:      vehumet_statue, nicolae_ashenzari_panopticon,
          grunt_temple_overflow_open, minmay_temple_entry_waves, serial_shops,
          shop_statue, minmay_misc_feat_ornament, trog_three_pillars_becter
D:5:      first_ration
D:6:      cheibrodos_helix_gallery, gammafunk_temple_overflow_elements,
          nicolae_qazlal_eye_of_the_storm, dancing_weapons_uskayaw
D:7:      nicolae_overflow_crystal_walls
D:8:      serial_shops, kennysheep_mini, basic_altar, serial_rivers,
          chequers_serial_rivers_micro_a, chequers_serial_rivers_micro_b,
          chequers_serial_rivers_micro_e, chequers_serial_rivers_micro_c,
          nicolae_ossuary_entry_ruins, the_bakery
D:9:      serial_shops, shop, shop_statue, shop, shop
D:10:     uniq_gastronok
D:11:     dpeg_oklobed_lair, david_orc_2
Temple:   nicolae_temple_no_exploring_needed
Lair:2:   statuecave_lemuel, spider_nest_entry_rubble, basic_altar
Lair:4:   elwin_shoals_entry_rocks, minmay_holes, grunt_megastairs_5,
          minmay_lair_oklob_chamber
Lair:5:   serial_bayou_shore_a
Lair:6:   gammafunk_lair_ancient_temple, slime_altar_1
Ossuary:  ossuary_tomb_2

Table legend:
 A = Turns spent in this place as a percentage of turns spent in the entire game.
 B = Non-inter-level travel turns spent in this place as a percentage of non-inter-level travel turns spent in the entire game.
 C = Inter-level travel turns spent in this place as a percentage of turns spent in this place.
 D = Turns resting spent in this place as a percentage of non-inter-level travel turns spent in this place.
 E = Turns spent auto-exploring this place as a percentage of non-inter-level travel turns spent in this place.
 F = Non-inter-level travel turns spent in this place divided by the number of levels of this place that you've seen.
                   A       B       C       D       E      F
               +-------+-------+-------+-------+-------+----------------------
         Total | 100.0 | 100.0 |   4.0 |  18.6 |  55.1 | 1181.2
       Dungeon |  60.9 |  60.0 |   5.5 |  20.1 |  53.1 | 1223.8
        Temple |   0.4 |   0.4 |   0.0 |   0.0 |   0.0 |  90.0
          Lair |  37.5 |  38.3 |   1.8 |  17.1 |  60.7 | 1433.7
       Ossuary |   1.2 |   1.3 |   0.0 |   0.0 |   0.0 | 289.0
               +-------+-------+-------+-------+-------+----------------------

Table legend:
 A = Kills in this place as a percentage of kills in entire the game.
 B = Kills by you in this place as a percentage of kills by you in the entire game.
 C = Kills by friends in this place as a percentage of kills by friends in the entire game.
 D = Other kills in this place as a percentage of other kills in the entire game.
 E = Experience gained in this place as a percentage of experience gained in the entire game.
 F = Experience gained in this place divided by the number of levels of this place that you have seen.
                   A       B       C       D       E      F
               +-------+-------+-------+-------+-------+----------------------
         Total | 100.0 | 100.0 | 100.0 |   N/A | 100.0 | 2289.2
       Dungeon |  64.1 |  72.6 |  39.0 |   N/A |  34.9 | 1381.6
        Temple |   0.2 |   0.3 |   0.0 |   N/A |   0.3 | 112.0
          Lair |  28.2 |  23.2 |  42.9 |   N/A |  64.3 | 4659.8
       Ossuary |   7.5 |   3.9 |  18.1 |   N/A |   0.5 | 226.0
               +-------+-------+-------+-------+-------+----------------------
